 Dungeon Crawl Stone Soup version 0.30.1-11-g7821555f0a (webtiles) character file.

Game seed: 18396696443838458238

637 Nameless213 the Cudgeller (level 7, 0/61 HPs)
             Began as a Minotaur Fighter on Nov 12, 2023.
             Slain by a gnoll sergeant
             ... wielding a +2 spear of freezing
              (9 damage)
             ... on level 5 of the Dungeon.
             The game lasted 00:12:07 (2666 turns).

Nameless213 the Cudgeller (Minotaur Fighter)        Turns: 2666, Time: 00:12:08

Health: 0/61       AC: 13    Str: 22    XL:     7   Next: 25%
Magic:  6/6        EV: 10    Int:  5    God:
Gold:   187        SH:  5    Dex: 16    Spells: 6/6 levels left

rFire   . . .        a - +0 flail
rCold   . . .        c - +0 buckler
rNeg    + . .        b - +0 scale mail
rPois   .            C - +2 hat
rElec   .            k - +0 cloak
rCorr   .            m - +1 pair of gloves
SInv    .            (no boots)
Will    .....        (no amulet) Stlth
                     l - +6 ring of dexterity
HPRegen 0.30/turn    h - ring of positive energy
MPRegen 0.10/turn

%: no passive effects
@: no status effects
A: horns 2, retaliatory headbutt
a: no special abilities


You were on level 5 of the Dungeon.
You visited 1 branch of the dungeon, and saw 5 of its levels.

You collected 187 gold pieces.

Inventory:

Hand Weapons
 a - a +0 flail (weapon)
 g - a +0 whip
 n - a +1 short sword of draining
 u - a +2 dagger of venom
Armour
 b - a +0 scale mail (worn)
 c - a +0 buckler (worn)
 k - a +0 cloak (worn)
 m - a +1 pair of gloves (worn)
 C - a +2 hat (worn)
Jewellery
 h - a ring of positive energy (right hand)
 l - a +6 ring of dexterity (left hand)
 t - a ring of magical power
Wands
 s - a wand of roots (1)
Scrolls
 f - a scroll of silence {unknown}
 i - a scroll of brand weapon {unknown}
 j - a scroll of fear {unknown}
 o - 3 scrolls of identify {unknown}
 q - a scroll of noise {unknown}
 v - a scroll of teleportation {unknown}
 w - a scroll of butterflies {unknown}
 y - a scroll of acquirement {unknown}
 z - a scroll of immolation {unknown}
 A - a scroll of torment {unknown}
 D - 2 scrolls of poison {unknown}
Potions
 d - a potion of might
 e - 2 potions of curing {unknown}
 p - 2 potions of flight {unknown}
 r - a potion of attraction {unknown}
 x - a potion of invisibility {unknown}
 B - a potion of degeneration {unknown}


   Skills:
 + Level 5.3 Fighting
 + Level 6.4 Maces & Flails
 + Level 5.8 Armour
 + Level 1.9 Dodging
 + Level 0.4 Stealth
 + Level 4.8 Shields


You had 6 spell levels left.
You didn't know any spells.
Your spell library contained the following spells:

 Spells                   Type           Power      Damage    Failure   Level
 Cigotuvi's Dreadful Rot  Necr/Pois/Air  0%         N/A       94%         2
 Stone Arrow              Conj/Erth      0%         3d7       99%         3
 Animate Armour           Summ/Erth      0%         N/A       100%        4
 Dispel Undead            Necr           0%         3d6       100%        4
 Death Channel            Necr           0%         N/A       100%        6
 Lehudib's Crystal Spear  Conj/Erth      0%         10d2      100%        8


Dungeon Overview and Level Annotations

Branches:
Dungeon (5/15)
 Temple: D:4-7

Altars:

Shops:
D:4 !((*


Innate Abilities, Weirdness & Mutations

You have a pair of horns on your head.
You reflexively headbutt those who attack you in melee.


Message History

The gnoll barely misses you.
The gnoll sergeant hits you with a +2 spear of freezing.
The gnoll sergeant freezes you.
You closely miss the gnoll. You block the gnoll's attack.
The gnoll closely misses you. You furiously retaliate!
You headbutt the gnoll! You block the gnoll sergeant's attack.
You sock the gnoll!
The gnoll is almost dead.
The gnoll hits you with a +0 spear. The gnoll hits you but does no damage.
The gnoll sergeant hits you but does no damage.
You hit the gnoll.
You kill the gnoll!
The gnoll misses you.
The gnoll sergeant hits you but does no damage.
You barely miss the gnoll.
The gnoll is severely wounded.
The quokka bites you but does no damage.
The gnoll hits you but does no damage. The gnoll sergeant barely misses you.
You furiously retaliate!
You headbutt the gnoll sergeant. You block the quokka's attack.
You sock the gnoll!
You kill the gnoll!
The gnoll sergeant hits you with a +2 spear of freezing.
* * * LOW HITPOINT WARNING * * *
The gnoll sergeant freezes you.
* * * LOW HITPOINT WARNING * * *
The quokka misses you. You furiously retaliate!
You headbutt the quokka.
You kill the quokka!
You barely miss the gnoll sergeant.
The gnoll sergeant is heavily wounded.
You block the gnoll sergeant's attack.
The gnoll sergeant hits you with a +2 spear of freezing.
* * * LOW HITPOINT WARNING * * *
The gnoll sergeant freezes you.
* * * LOW HITPOINT WARNING * * *
You sock the gnoll sergeant!
Your headbutt misses the gnoll sergeant.
The gnoll sergeant is almost dead.
The gnoll sergeant hits you with a +2 spear of freezing!
You die...

###......##..#.##............
........[##.########.........
.##.........### ####........
..............###.#..........
..#.......#...##....#.#.>#...
#.##...#............#.##.....
# ##.###.#..............#...
### #.#(.##..)......
#.......@)....#
##..[.#)#g....#
#.†..##.#.......
#....##.........
#...............
#..#......##.... ###......##
##.. #..#..# .. ####..


You could see a gnoll sergeant.

Vanquished Creatures
  A water moccasin (D:5)
  An ogre (D:4)
  2 scorpions
  A jelly (D:5)
  Jessica (D:3)
  9 gnolls
  9 adders
  4 worms
  4 dart slugs
  7 orcs
  7 bats
  6 endoplasms
  8 goblins
  5 hobgoblins
  5 quokkas
  7 ball pythons
  4 frilled lizards
  8 kobolds
  3 rats
92 creatures vanquished.

Notes
Turn   | Place    | Note
-------+----------+-------------------------------------------
     0 | D:1      | Nameless213 the Minotaur Fighter began the quest for the
                  | Orb.
     0 | D:1      | Reached XP level 1. HP: 19/19 MP: 0/0
   182 | D:1      | Reached XP level 2. HP: 27/27 MP: 1/1
   762 | D:2      | Reached XP level 3. HP: 6/33 MP: 2/2
   816 | D:2      | Reached skill level 3 in Maces & Flails
   917 | D:2      | Reached XP level 4. HP: 38/41 MP: 3/3
  1403 | D:3      | Noticed a scorpion
  1408 | D:3      | Killed a scorpion
  1409 | D:3      | Reached skill level 4 in Maces & Flails
  1409 | D:3      | Reached skill level 5 in Armour
  1409 | D:3      | Reached XP level 5. HP: 34/47 MP: 4/4
  1570 | D:3      | Noticed Jessica
  1576 | D:3      | Killed Jessica
  1577 | D:3      | Reached skill level 1 in Dodging
  1620 | D:3      | Identified the +0 chain mail of Jiawoh {+Inv Will+ Dex+3}
  1892 | D:3      | Found a faded altar of an unknown god.
  2123 | D:4      | Reached XP level 6. HP: 53/53 MP: 5/5
  2169 | D:4      | Found Ximo's General Store.
  2169 | D:4      | Found Reiryxki's Weapon Emporium.
  2173 | D:4      | Found Raufyost's Distillery.
  2175 | D:4      | Found Kudeima's Weapon Emporium.
  2193 | D:4      | Reached skill level 5 in Maces & Flails
  2432 | D:4      | Reached skill level 5 in Fighting
  2579 | D:5      | Entered Level 5 of the Dungeon
  2643 | D:5      | Noticed a water moccasin
  2647 | D:5      | Killed a water moccasin
  2648 | D:5      | Reached skill level 6 in Maces & Flails
  2648 | D:5      | Reached XP level 7. HP: 58/61 MP: 6/6
  2666 | D:5      | Slain by a gnoll sergeant

Illustrated notes

Levels and vault maps discovered:
D:1:      matt_arrival_grand_opening, layout_basic
D:2:      layout_loops_ring, chequers_serial_rivers_large_b
D:3:      corexii_shack_village, layout_loops_ring,
          shapermc_ecumenical_altar_petra, uniq_jessica
D:4:      layout_loops_ring, minmay_shop_grid_forest
D:5:      layout_cave_pools, gammafunk_ghost_nasty_kobolds

Skill      XL: |  1  2  3  4  5  6 |
---------------+-------------------+-----
Fighting       | 4 5 |  5.3
Shields        | 4 |  4.8
Armour         | 4 5 |  5.8
Maces & Flails | 3 4 6 |  6.4
Dodging        | 1 |  1.9
Stealth        | |  0.4

Action                     |  1- 3 |  4- 6 |  7- 9 || total
---------------------------+-------+-------+-------++-------
  Melee: Flail             |    56 |   149 |    13 ||   218
         Headbutt          |    10 |    34 |       ||    44
 Armour: Scale mail        |    33 |    70 |     9 ||   112
  Dodge: Dodged            |    26 |    79 |     7 ||   112
  Block: Buckler           |    23 |    46 |     8 ||    77
